 Dungeon Crawl Stone Soup version 0.31.0-12-g77e489cdc1 (webtiles) character file.

Game seed: 10570414635289309315

5782 sking99 the Grappler (level 10, 0/103 (104) HPs)
             Began as a Troll Monk on Feb 20, 2024.
             Was an Initiate of Yredelemnul.
             Slain by a death yak (27 damage)
             ... on level 9 of the Dungeon.
             The game lasted 00:12:38 (6643 turns).

sking99 the Grappler (Troll Monk)                   Turns: 6643, Time: 00:12:38

HP:   0/103 (104)   AC:  4    Str: 25    XL:     10   Next: 50%
MP:   11/11         EV: 10    Int:  6    God:    Yredelemnul [......]
Gold: 524           SH:  0    Dex: 12    Spells: 9/9 levels left

rFire   . .          .
                       - Unarmed
rCold   . . .        c - orb {light}
rNeg    . . .        a - +0 robe
rPois   .            (helmet restricted)
rElec   .            (no cloak)
rCorr   .            (gloves unavailable)
SInv    .            (boots unavailable)
Will    .....        (no amulet)
Stlth   +            (no ring)
HPRegen 1.17/turn    (no ring)
MPRegen 0.12/turn

%: no passive effects
@: glowing, lightly drained
A: large, unfitting armour, claws 3, regeneration 1, shaggy fur 1, tough skin 1
a: Renounce Religion, Recall Undead Harvest


You were on level 9 of the Dungeon.
You worshipped Yredelemnul.
Yredelemnul was noncommittal.
You visited 2 branches of the dungeon, and saw 10 of its levels.

You collected 524 gold pieces.

Inventory:

Missiles
 w - a throwing net (quivered)
Armour
 a - a +0 robe (worn)
 c - an orb of light (worn)
Jewellery
 f - a ring of magical power
 i - a ring of fire
 n - a +5 ring of evasion
 x - a +6 ring of intelligence
Wands
 h - a wand of polymorph (9)
 s - a wand of light (10)
 v - a wand of flame (66)
 y - a wand of iceblast (14)
Scrolls
 d - a scroll of vulnerability {unknown}
 g - 3 scrolls of amnesia
 k - a scroll of silence
 o - 2 scrolls of immolation {unknown}
 r - 3 scrolls of fear {unknown}
 B - 2 scrolls of identify
 C - a scroll of revelation
Potions
 b - a potion of ambrosia
 j - 2 potions of attraction
 l - a potion of magic
 m - 2 potions of degeneration
 p - a potion of enlightenment
 q - a potion of brilliance
 t - 3 potions of curing
 u - a potion of heal wounds
 z - a potion of haste
 A - a potion of might


   Skills:
 + Level 8.0 Fighting
 - Level 2.4 Dodging
 * Level 12.9 Unarmed Combat
 + Level 2.7 Invocations


You had 9 spell levels left.
You didn't know any spells.
Your spell library contained the following spells:

 Spells                   Type           Power      Damage    Failure   Level
 Freeze                   Ice            0%         1d3       45%         1
 Frozen Ramparts          Ice            0%         1d1       83%         3
 Fugue of the Fallen      Necr           0%         N/A       83%         3
 Hailstorm                Conj/Ice       0%         3d5       83%         3
 Ozocubu's Armour         Ice            0%         N/A       83%         3
 Tukima's Dance           Hex            0%         N/A       83%         3
 Volatile Blastmotes      Fire/Tloc      0%         2d10      83%         3
 Dimensional Bullseye     Hex/Tloc       0%         N/A       99%         4
 Fulminant Prism          Conj/Alch      0%         3d5       99%         4
 Iskenderun's Mystic Bla  Conj/Tloc      0%         2d3       99%         4
 Manifold Assault         Tloc           0%         N/A       99%         4
 Haunt                    Necr/Summ      0%         N/A       100%        7
 Borgnjor's Revivificati  Necr           0%         N/A       100%        8
 Death's Door             Necr           0%         N/A       100%        9


Dungeon Overview and Level Annotations

Branches:
Dungeon (9/15)             Temple (1/1) D:7
   Lair: D:8-11         Orc: D:9-12

Altars:
Ashenzari
Cheibriados
Elyvilon
Fedhas
Hepliaklqana
Kikubaaqudgha
Nemelex Xobeh
Okawaru
Qazlal
Ru
Sif Muna
Trog
Uskayaw
Wu Jian
Yredelemnul
Zin
The Shining One

Shops:
D:6 !:


Innate Abilities, Weirdness & Mutations

You are too large for most types of armour.
You have claws for hands.
Your natural rate of healing is unusually fast.
You are covered in fur. (AC +1)
You have tough skin. (AC +1)


Message History

You hear a bellow!
Found 8 stones.
You hear a bellow!
Your yak zombie gores the death yak!
The death yak closely misses you. The wight barely misses you.
A death yak comes into view.
You mangle the death yak!!
The death yak is heavily wounded.
Your yak zombie gores the death yak.
The death yak gores your yak zombie! The death yak gores your yak zombie!!
Your yak zombie is destroyed!
The death yak attacks as it pursues you!
The death yak gores you. The death yak gores you!! The death yak gores you!!
A death yak comes into view.
The death yak attacks as it pursues you!
The death yak gores you!!
The death yak bellows!
The death yak attacks as it pursues you!
The death yak gores you.
The death yak attacks as it pursues you!
The death yak gores you!
Okay, then.
Okay, then.
The air fills with toxic fumes!
As you read the scroll of poison, it crumbles to dust.
A death yak comes into view.
The death yak gores you.
The death yak bellows!
You claw the death yak!
The death yak is lightly wounded.
The wight hits you from afar with a +4 spear.
* * * LOW HITPOINT WARNING * * *
You feel drained.
* * * LOW HITPOINT WARNING * * *
The death yak is engulfed in poison gas.
The death yak is poisoned.
The death yak gores you!!
You die...
Your body rises from the dead as a mindless zombie.

#............###.##
.....$...##..................
#........ #.##.##......#.....
......... #.#8.8#..#####.#...
....... #.......## ....#.
...§..# ###8.8### #..#.#.
#§Y.######.##
..###§YY.Yz###§#
.....§§§YzYY@§§#
(....§§§..Y##### .....§§§§§.#
.....§§§§..# .....§§§.....
.....§§....### .....§.....#
..........$# ....<.....#


You could see 8 death yaks and 2 wights.

Vanquished Creatures
  2 hornets (D:8)
  Grinder (D:5)
  Prince Ribbit (D:5)
  Sigmund (D:2)
  9 yaks
  An orc warrior (D:8)
  A sky beast (D:8)
  3 ice beasts
  3 ogres
  5 centaurs
  2 phantoms (D:5)
  Blork the orc (D:5)
  5 bullfrogs
  4 kobold brigands
  2 scorpions
  8 wights
  3 howler monkeys
  A bombardier beetle (D:5)
  2 jellies (D:5)
  5 orc priests
  4 hounds
  5 iguanas
  Jessica (D:3)
  Ijyb (D:5)
  7 orc wizards
  5 gnolls
  4 adders
  2 white imps
  2 dart slugs
  4 ribbon worms
  23 orcs
  7 endoplasms
  4 giant cockroaches
  9 goblins
  8 hobgoblins
  6 jackals (D:2)
  6 quokkas
  7 ball pythons
  4 bats
  4 frilled lizards
  20 kobolds
  5 rats
198 creatures vanquished.

Vanquished Creatures (collateral kills)
  A howler monkey (D:8)
  2 orcs (D:8)
  4 kobolds (D:8)
7 creatures vanquished.

Vanquished Creatures (others)
  2 yak zombies (D:9)
  3 kobold zombies (D:8)
  2 orc zombies (D:8)
7 creatures vanquished.

Grand Total: 212 creatures vanquished

Notes
Turn   | Place    | Note
-------+----------+-------------------------------------------
     0 | D:1      | sking99 the Troll Monk began the quest for the Orb.
     0 | D:1      | Reached XP level 1. HP: 22/22 MP: 0/0
    46 | D:1      | Reached XP level 2. HP: 29/29 MP: 1/1
   198 | D:1      | Reached XP level 3. HP: 20/36 MP: 2/2
   262 | D:1      | Reached skill level 4 in Unarmed Combat
   677 | D:2      | Noticed Sigmund
   696 | D:2      | Killed Sigmund
   697 | D:2      | Reached skill level 5 in Unarmed Combat
   697 | D:2      | Reached XP level 4. HP: 46/46 MP: 3/3
   697 | D:2      | Reached XP level 5. HP: 53/53 MP: 4/4
  1059 | D:2      | Found a faded altar of an unknown god.
  1497 | D:3      | Noticed Jessica
  1502 | D:3      | Killed Jessica
  1503 | D:3      | Reached XP level 6. HP: 59/62 MP: 5/5
  1994 | D:4      | Reached skill level 6 in Unarmed Combat
  2457 | D:5      | Entered Level 5 of the Dungeon
  2495 | D:5      | Noticed Prince Ribbit
  2510 | D:5      | Killed Prince Ribbit
  2511 | D:5      | Reached skill level 7 in Unarmed Combat
  2511 | D:5      | Reached XP level 7. HP: 11/71 MP: 6/6
  2615 | D:5      | Noticed Ijyb
  2622 | D:5      | Killed Ijyb
  2672 | D:5      | Noticed Grinder
  2681 | D:5      | Killed Grinder
  2682 | D:5      | Reached skill level 5 in Fighting
  2682 | D:5      | Reached skill level 8 in Unarmed Combat
  2682 | D:5      | Reached XP level 8. HP: 61/80 MP: 7/7
  2892 | D:5      | Noticed Blork the orc
  2899 | D:5      | Killed Blork the orc
  3137 | D:5      | Reached skill level 9 in Unarmed Combat
  3377 | D:6      | Found a white marble altar of Elyvilon.
  3582 | D:6      | Found Aqome's Self-Improvement Boutique.
  3820 | D:6      | Found an ancient bone altar of Kikubaaqudgha.
  3824 | D:6      | Reached skill level 10 in Unarmed Combat
  3833 | D:6      | Reached XP level 9. HP: 86/89 MP: 8/8
  4078 | D:6      | Found Ganuecy's Distillery.
  4568 | D:7      | Found a shimmering blue altar of Sif Muna.
  4574 | D:7      | Found a bloodstained altar of Trog.
  4627 | D:7      | Found a staircase to the Ecumenical Temple.
  4685 | Temple   | Entered the Ecumenical Temple
  4737 | Temple   | Became a worshipper of Yredelemnul the Dark
  4737 | Temple   | Reached * piety under Yredelemnul
  4737 | Temple   | Reached ** piety under Yredelemnul
  4825 | D:7      | Reached skill level 11 in Unarmed Combat
  5562 | D:8      | Reached skill level 12 in Unarmed Combat
  5571 | D:8      | Reached *** piety under Yredelemnul
  5599 | D:8      | Reached XP level 10. HP: 42/102 MP: 9/9
  5691 | D:8      | Reached **** piety under Yredelemnul
  5857 | D:8      | Reached skill level 1 in Invocations
  6147 | D:8      | Reached ***** piety under Yredelemnul
  6627 | D:9      | Noticed a death yak
  6629 | D:9      | Noticed a death yak
  6629 | D:9      | Noticed a death yak
  6632 | D:9      | Noticed a death yak
  6633 | D:9      | Noticed a death yak
  6635 | D:9      | Noticed a death yak
  6639 | D:9      | Noticed a death yak
  6642 | D:9      | Noticed a death yak
  6643 | D:9      | Slain by a death yak

Illustrated notes

Levels and vault maps discovered:
D:1:      mrwooster_arrival_statue_3, layout_rooms, serial_glass,
          glass_columns_a, glass_columns_c, glass_columns_a, glass_columns_c,
          glass_columns_b
D:2:      layout_loops_cross, shapermc_ecumenical_altar_venn,
          kennysheep_cross_room, uniq_sigmund
D:3:      layout_rooms, minmay_door_square, chequers_serial_rivers_large_b,
          uniq_jessica
D:4:      layout_basic
D:5:      layout_loops_cross, uniq_prince_ribbit1, uniq_grinder,
          uniq_blork_the_orc, uniq_ijyb
D:6:      layout_basic, overflow_temple_1_default,
          mainiacjoe_overflow_small_starburst, serial_shops, shop,
          nicolae_shop_self_help
D:7:      layout_loops_ring, hellmonk_overflow_destroyed_library,
          minmay_temple_entry_glassed_door
D:8:      layout_cave_pods
D:9:      layout_basic, lemuel_crystal_altar,
          chequers_temple_overflow_statue_of_worship, dpeg_lair_monsters,
          small_statue_intersection, amethyst_killhole
Temple:   cyrus_circular_temple

Skill      XL: |  1  2  3  4  5  6  7  8  9 10 |
---------------+-------------------------------+-----
Unarmed Combat | 5 7 8 10 12 | 12.9
Fighting       | 3 4 5 6 7 8 |  8.0
Invocations    | 2 |  2.7
Dodging        | |  2.4

Action                     |  1- 3 |  4- 6 |  7- 9 | 10-12 || total
---------------------------+-------+-------+-------+-------++-------
  Melee: Unarmed           |    79 |   103 |   211 |    68 ||   461
 Invoke: Recall Undead Har |       |       |     2 |       ||     2
    Use: Scroll            |       |       |    13 |     1 ||    14
         Potion            |       |       |     1 |       ||     1
 Armour: Robe              |    36 |    57 |   151 |    45 ||   289
         Skin              |     1 |       |       |       ||     1
  Dodge: Dodged            |    32 |    48 |    95 |    24 ||   199
